 Dungeon Crawl Stone Soup version 0.19-a0-1908-g43c011f (webtiles) character file.

94 Leibowitz the Poker (level 4, -11/36 HPs)
             Began as a Demigod Gladiator on Oct 22, 2016.
             Killed by divine providence
             ... invoked by an orc priest
              (15 damage)
             ... on level 3 of the Dungeon.
             The game lasted 00:03:02 (1925 turns).

Leibowitz the Poker (Demigod Gladiator)             Turns: 1925, Time: 00:03:03

Health: -11/36     AC:  3    Str: 18    XL:     4   Next: 16%
Magic:  6/6        EV: 14    Int: 12    God:
Gold:   45         SH:  0    Dex: 18    Spells: 0 memorised, 3 levels left

rFire  . . .     SeeInvis .     a - +0 trident
rCold  . . .     Gourm    .     n - +0 robe (curse)
rNeg   . . .     Faith    .     (no shield)
rPois  .         Spirit   .     c - +0 helmet
rElec  .         Reflect  .     (no cloak)
rCorr  .         Harm     .     (no gloves)
MR     .....                    (no boots)
Stlth  ++........               (no amulet)
                                (no ring)
                                (no ring)

@: no status effects
A: high mp 1
a: no special abilities


You were on level 3 of the Dungeon.
You were not hungry.

You visited 1 branch of the dungeon, and saw 3 of its levels.

You collected 45 gold pieces.

Inventory:

Hand Weapons
 a - a +0 trident (weapon)
Armour
 c - a +0 helmet (worn)
 n - a cursed +0 robe (worn)
Scrolls
 e - 2 scrolls of identify {unknown}
 g - a scroll of magic mapping {unknown}
 i - a scroll of recharging {unknown}
 j - a scroll of fog {unknown}
Potions
 h - a potion of flight {unknown}
 m - a potion of resistance {unknown}
Comestibles
 b - a royal jelly
 f - 4 bread rations
 k - 3 meat rations
 l - a slice of pizza
 o - 4 chunks of flesh


   Skills:
 + Level 2.2 Fighting
 + Level 3.8 Polearms
 + Level 1.8 Throwing
 + Level 1.0 Armour
 + Level 3.0 Dodging
 + Level 1.0 Stealth


You had 3 spell levels left.
You didn't know any spells.

Dungeon Overview and Level Annotations

Branches:
Dungeon (3/15)


Innate Abilities, Weirdness & Mutations

You have an increased reservoir of magic. (+10% MP)


Message History

Throwing (i - inventory):
d - a throwing net (quivered)
Press: ? - help, Shift-Dir - straight line, f/p - orc priest
Aim: an orc priest, wielding a hand axe You throw a throwing net.
The throwing net barely misses the orc priest.
The orc closely misses you.
The orc priest hits you with a hand axe.
Something hits you but does no damage.
You closely miss the orc priest. The orc barely misses you.
The orc priest hits you with a hand axe.
You hear some strange, mumbled words.
A puff of flame appears from out of thin air!
The puff of flame hits you!
* * * LOW HITPOINT WARNING * * *
You puncture the orc priest!
The orc priest is severely wounded.
Something barely misses you.
The orc priest invokes the aid of Beogh against you.
Beogh smites you!
You die...

##################
..................
######.#######.## #...#
#.# #.#########.## .
#.# #.........
...########.#
........##
......o.....##........#
.....oo@..............#
...#####.##..##+#####.#
#.##...# #.## #.##...#
#.#. #..#?..# #.#.
##.#...# .... .....# #.
#. #. ##


You could see 2 orc priests and an orc.

Vanquished Creatures
  An orc priest (D:3)
  2 adders (D:2)
  2 worms (D:2)
  A dart slug (D:1)
  2 orcs (D:3)
  3 giant cockroaches
  6 goblins
  6 hobgoblins
  A quokka (D:2)
  A ball python (D:2)
  5 bats
  4 kobolds
  2 rats
36 creatures vanquished.

Notes
Turn   | Place    | Note
-------+----------+-------------------------------------------
     0 | D:1      | Leibowitz the Demigod Gladiator began the quest for the Orb.
     0 | D:1      | Reached XP level 1. HP: 17/17 MP: 3/3
   668 | D:1      | Reached XP level 2. HP: 24/24 MP: 4/4
  1216 | D:2      | Reached XP level 3. HP: 24/29 MP: 5/5
  1257 | D:2      | Reached skill level 1 in Stealth
  1917 | D:3      | Reached skill level 1 in Armour
  1917 | D:3      | Reached XP level 4. HP: 26/36 MP: 6/6
  1925 | D:3      | Killed from afar by an orc priest

Vault maps used:
D:1:      evilmike_arrival_hilbert_curve
D:2:      minmay_wonky_spiral
D:3:      first_bread, nrook_mini_vaults, serial_bayou_pond_d, uniq_robin

Skill      XL: |  1  2  3 |
---------------+----------+-----
Polearms       | 3 |  3.8
Dodging        | 3 |  3.0
Fighting       | 2 |  2.2
Stealth        | 1 |  1.0
Armour         | 1 |  1.0
Throwing       | |  1.8

Action                   |  1- 3 |  4- 6 || total
-------------------------+-------+-------++-------
Melee: Trident           |   109 |     5 ||   114
Throw: Throwing net      |     1 |     2 ||     3
 Stab: Sleeping          |     3 |       ||     3
  Eat: Chunk             |     3 |       ||     3
Armor: Leather armour    |    18 |       ||    18
       Robe              |     5 |     3 ||     8
Dodge: Dodged            |    62 |     6 ||    68
